 Dungeon Crawl Stone Soup version 0.25-a0-246-g58704a1ebd (webtiles) character file.

Game seed: 1468436010197761712, levelgen mode: deterministic

174 Jerej03 the Ruffian (level 5, -1/49 HPs)
             Began as a Troll Warper on Dec 3, 2019.
             Slain by a gnoll
             ... wielding a +0 spear
              (10 damage)
             ... on level 3 of the Dungeon.
             The game lasted 00:10:44 (1530 turns).

Jerej03 the Ruffian (Troll Warper)                  Turns: 1530, Time: 00:10:44

Health: -1/49      AC:  6    Str: 19    XL:     5   Next: 28%
Magic:  1/6        EV: 10    Int: 10    God:
Gold:   61         SH:  0    Dex:  9    Spells: 1/6 levels left

rFire    . . .     SeeInvis .     - Unarmed
rCold    . . .     Gourm    +   (no shield)
rNeg     . . .     Faith    .   a - +0 robe
rPois    .         Spirit   .   (helmet restricted)
rElec    .         Reflect  .   (no cloak)
rCorr    .         Harm     .   (gloves unavailable)
MR       .....                  (boots unavailable)
Stlth    +.........             (no amulet)
HPRegen  0.56/turn              (no ring)
MPRegen  0.10/turn              (no ring)

@: very slightly contaminated
A: large, unfitting armour, claws 3, fast metabolism 3, gourmand, regeneration
1, shaggy fur 1, tough skin 3
a: no special abilities


You were on level 3 of the Dungeon.
You were not hungry.

You visited 1 branch of the dungeon, and saw 3 of its levels.

You collected 61 gold pieces.

Inventory:

Hand Weapons
 g - a +0 whip
 i - a +0 dagger
 m - a +0 mace
Missiles
 b - 104 stones
 d - a boomerang of dispersal (quivered)
 o - a throwing net
Armour
 a - a +0 robe (worn)
 k - a cursed +0 ring mail
 q - a +0 ring mail
 s - a +0 ring mail
Scrolls
 c - a scroll of blinking
 j - 5 scrolls of fog {unknown}
 l - a scroll of immolation {unknown}
 r - a scroll of teleportation {unknown}
 t - a scroll of fear {unknown}
 u - a scroll of identify {unknown}
 x - a scroll of amnesia {unknown}
Potions
 e - 2 potions of agility {unknown}
 h - a potion of flight {unknown}
 n - a potion of lignification {unknown}
 p - a potion of cancellation {unknown}
 v - a potion of curing {unknown}
 w - a potion of haste {unknown}
Comestibles
 f - 7 rations


   Skills:
 + Level 2.2 Fighting
 + Level 1.1 Throwing
 + Level 2.9 Dodging
 + Level 3.9 Unarmed Combat
 + Level 1.4 Spellcasting
 + Level 2.3 Translocations


You had one spell level left.
You knew the following spells:

 Your Spells              Type           Power        Failure   Level  Hunger
a - Blink                 Tloc           N/A          19%         2    ###....
b - Gell's Gravitas       Tloc           #.........   36%         3    ####...

Your spell library contained the following spells:

 Spells                   Type           Power        Failure   Level  Hunger
 Shroud of Golubria       Chrm/Tloc      #.....       30%         2    ###....
 Lesser Beckoning         Tloc           #.........   36%         3    ####...
 Teleport Other           Tloc           #.......     36%         3    ####...
 Passage of Golubria      Tloc           N/A          77%         4    #####..


Dungeon Overview and Level Annotations

Branches:
Dungeon (3/15)

Altars:


Innate Abilities, Weirdness & Mutations

You are too large for most types of armour.
You have claws for hands.
Your metabolism is lightning-fast.
You like to eat raw meat.
Your natural rate of healing is unusually fast.
You are covered in fur. (AC +1)
You have extremely tough skin. (AC +3)


Message History

The gnoll closely misses you.
Throwing (i - inventory. (/) - cycle)
d - 3 boomerangs of dispersal (quivered)
Press: ? - help, Shift-Dir - straight line, f/p - gnoll
Aim: a gnoll, wielding a +0 spear (lightly wounded)
You throw a boomerang of dispersal.
The boomerang of dispersal closely misses the gnoll.
The boomerang of dispersal hits the gnoll but does no damage.
The gnoll completely misses you.
Throwing (i - inventory. (/) - cycle)
d - 2 boomerangs of dispersal (quivered)
Press: ? - help, Shift-Dir - straight line, f/p - gnoll
Aim: a gnoll, wielding a +0 spear (lightly wounded)
You throw a boomerang of dispersal.
The boomerang of dispersal barely misses the gnoll.
The boomerang of dispersal hits the gnoll.
The gnoll blinks!
The gnoll is lightly wounded.
The gnoll hits you from afar with a +0 spear.
* * * LOW HITPOINT WARNING * * *
The gnoll hits you from afar with a +0 spear!
You die...

####### #.....# #..(..#
####.....###########
.........))..g.†§.>##........#
#.##...#########g#.##........+
#.#.#...# #.#.##........#
.#...#..# #@#.##........#
#.#.#.#.# #.#.##........+
...#....# #g#.##........#
#.#.#.### #.#.##........+
.#...#.# #.#.##..).....####
#.#.#.## #.#...............
...#...# #.################
#.#.#.## #.# ###### .#...#..
#.....


You could see 2 gnolls.

Vanquished Creatures
  A howler monkey (D:2)
  Jessica (D:2)
  3 adders (D:2)
  2 gnolls (D:3)
  5 dart slugs
  A leopard gecko (D:2)
  5 bats
  5 giant cockroaches
  A goblin (D:1)
  7 hobgoblins
  8 jackals (D:2)
  7 kobolds
  4 frilled lizards (D:1)
  4 rats
  A bush (D:2)
55 creatures vanquished.

Notes
Turn   | Place    | Note
-------+----------+-------------------------------------------
     0 | D:1      | Jerej03 the Troll Warper began the quest for the Orb.
     0 | D:1      | Reached XP level 1. HP: 19/19 MP: 1/1
    26 | D:1      | Reached skill level 1 in Throwing
   159 | D:1      | Reached XP level 2. HP: 26/28 MP: 3/3
   299 | D:1      | Learned a level 2 spell: Blink
   524 | D:1      | Reached XP level 3. HP: 28/35 MP: 4/4
   882 | D:2      | Reached skill level 3 in Unarmed Combat
   882 | D:2      | Reached XP level 4. HP: 34/42 MP: 5/5
   903 | D:2      | Noticed Jessica
   923 | D:2      | Killed Jessica
  1079 | D:2      | Reached XP level 5. HP: 49/49 MP: 6/6
  1321 | D:2      | Learned a level 3 spell: Gell's Gravitas
  1530 | D:3      | Slain by a gnoll

Levels and vault maps discovered:
D:1:      zaba_arrival_water, layout_loops_ring
D:2:      layout_basic, chequers_serial_rivers_large_a, minmay_hedge_maze,
          uniq_jessica
D:3:      layout_basic, cheibrodos_sewer_entry_bend, glass_columns_c,
          kennysheep_crisscross

Skill      XL: |  1  2  3 |
---------------+----------+-----
Throwing       | 1 |  1.1
Dodging        | 2 |  2.9
Fighting       | 2 |  2.2
Unarmed Combat | 3 |  3.9
Spellcasting   | |  1.4
Translocations | |  2.3

Action                   |  1- 3 |  4- 6 || total
-------------------------+-------+-------++-------
Melee: Unarmed           |   159 |    74 ||   233
       Punch             |     1 |     1 ||     2
Throw: Boomerang         |     1 |     3 ||     4
 Cast: Blink             |     1 |       ||     1
       Gell's Gravitas   |       |     1 ||     1
  Eat: Chunk             |     9 |       ||     9
       Ration            |       |     1 ||     1
Armor: Robe              |    58 |    32 ||    90
Dodge: Dodged            |    68 |    62 ||   130

Table legend:
 A = Non-vault XP
 B = Vault XP
 C = Vault XP percentage of total XP
 D = Non-vault monster count
 E = Vault monster count
 F = Vault count percentage of total count
                 A         B        C        D         E       F
            +---------+---------+-------+---------+---------+-------
      Total |     212 |      37 |  14.9 |      53 |       1 |   1.9
            +---------+---------+-------+---------+---------+-------
        D:1 |      43 |       0 |   0.0 |      24 |       0 |   0.0
        D:2 |     136 |      37 |  21.4 |      24 |       1 |   4.0
        D:3 |      33 |       0 |   0.0 |       5 |       0 |   0.0
            +---------+---------+-------+---------+---------+-------
